AoeStats
← cryptid

Nomad

510324317Analyzed
4v4 RM · 10h ago on Sep 30, 2026· 31m 35s· 8 players
Game mode
Random Map
Map size
231×231
Population
200
Speed
Normal
Resources
Standard
Victory
Conquest
Starting age
Dark Age
Ending age
Imperial Age
RankedLock teamsTeams togetherTeam positionsShared explorationLock speedFull tech treeHidden civsTurbo modeCheats
Victory
Defeat
🇨🇴 Berbers · Colombia
1440
+11
🇨🇳 Dravidians · China
1353
+14
🇨🇳 Koreans · China
1352
+14
🇻🇳 Varangians · Vietnam
1298
+18
🇺🇸 Inca · United States
1331
-15
🇹🇼 Danes · Taiwan
1326
-14
🇹🇼 Varangians · Taiwan
1308
-14
🇹🇼 Persians · Taiwan
1304
-14
cryptid
9:31 Loom
12:13 Feudal Age
14:01 Double-Bit Axe
15:46 Wheelbarrow
16:12 Fletching
18:04 Fishing Lines
19:06 Gold Mining
19:56 Town Watch
23:59 Castle Age
23:29 Padded Archer Armor
23:22 Stone Mining
24:23 Crossbowman
25:00 Bodkin Arrow
25:52 Gillnets
27:57 Horse Collar
28:43 Ballistics
29:14 Heavy Plow
Sebastianquijanog
13:04 Feudal Age
13:35 Loom
17:31 Castle Age
20:14 Fletching
21:27 Bodkin Arrow
26:39 Double-Bit Axe
26:36 Horse Collar
WEEKEVEN
5:20 Loom
14:37 Feudal Age
19:30 Castle Age
18:32 Double-Bit Axe
19:01 Fishing Lines
21:34 Fletching
25:46 Bodkin Arrow
26:22 Bow Saw
26:02 Horse Collar
31:39 Wheelbarrow
31:10 Gold Mining
31:48 Stone Mining
Cuong Boss
13:05 Feudal Age
13:51 Loom
16:59 Castle Age
26:00 Horse Collar
[CK] Lukka
12:41 Feudal Age
16:46 Castle Age
15:51 Fletching
16:36 Loom
21:08 Scale Mail Armor
21:22 Double-Bit Axe
22:06 Chain Mail Armor
26:17 Elite Skirmisher
Hansthlin
12:44 Feudal Age
13:27 Loom
16:48 Castle Age
16:07 Bloodlines
16:50 Scale Barding Armor
16:59 Forging
28:11 Husbandry
Witman
12:50 Feudal Age
13:50 Loom
17:16 Castle Age
16:07 Fletching
17:55 Bodkin Arrow
23:24 Double-Bit Axe
未時稻暱瑠
4:52 Loom
12:43 Feudal Age
13:35 Double-Bit Axe
15:59 Gold Mining
18:13 Fishing Lines
21:37 Castle Age
19:55 Horse Collar
20:40 Stone Mining
22:35 Medium Warships
22:45 Bow Saw
22:36 Heavy Plow
25:20 Fletching
27:29 Bodkin Arrow
28:17 Forging
28:07 Scale Mail Armor
29:00 Gambesons
29:52 Iron Casting
30:25 Chain Mail Armor
30:57 Squires
30:42 Arson
31:42 Wheelbarrow
Connection lost

Rejoining the realm…

Still unreachable

The connection could not be restored.

Session expired

The server has moved on; the page needs a fresh start.